 Dungeon Crawl Stone Soup version 0.31.0-32-g396128a36d (webtiles) character file.

Game seed: 2580066166393716348

2 spaghetti the Caller (level 1, 0/15 HPs)
             Began as a Naga Summoner on Mar 11, 2024.
             Slain by a jackal (1 damage)
             ... on level 1 of the Dungeon.
             The game lasted 00:00:15 (85 turns).

spaghetti the Caller (Naga Summoner)                  Turns: 85, Time: 00:00:16

Health: 0/15       AC:  1    Str: 10    XL:     1   Next: 30%
Magic:  2/3        EV:  9    Int: 15    God:
Gold:   0          SH:  0    Dex: 11    Spells: 3/4 levels left

rFire   . . .        c - +1 hand axe (heavy)
rCold   . . .        (no shield)
rNeg    . . .        a - +0 robe
rPois   +            (no helmet)
rElec   .            (no cloak)
rCorr   .            (no gloves)
SInv    +            (no barding)
Will    .....        (no amulet)
Stlth   ++           (no ring)
HPRegen 0.22/turn    (no ring)
MPRegen 0.08/turn

%: no passive effects
@: very slow
A: AC +0, large, see invisible, deformed body, poison resistance, slowness 2,
spit poison 1, naga tail 1
a: Spit Poison


You were on level 1 of the Dungeon.
You visited 1 branch of the dungeon, and saw 1 of its levels.

Inventory:

Hand Weapons
 c - a +1 heavy hand axe (weapon)
Armour
 a - a +0 robe (worn)
Potions
 b - a potion of magic


   Skills:
 - Level 1.5 Dodging
 - Level 3.0 Stealth
 - Level 2.0 Spellcasting
 + Level 4.1 Summonings


You had 3 spell levels left.
You knew the following spells:

 Your Spells              Type           Power      Damage    Failure   Level
a - Summon Small Mammal   Summ           52%        N/A       4%          1

Your spell library contained the following spells:

 Spells                   Type           Power      Damage    Failure   Level
 Call Imp                 Summ           26%        N/A       6%          2
 Call Canine Familiar     Summ           13%        N/A       12%         3
 Summon Blazeheart Golem  Fire/Summ      7%         N/A       67%         4
 Summon Lightning Spire   Summ/Air       7%         N/A       67%         4


Dungeon Overview and Level Annotations

Branches:
Dungeon (1/15)

Altars:


Innate Abilities, Weirdness & Mutations

Your serpentine skin is tough. (AC +0)
You have supernaturally acute eyesight. (SInv)
Armour fits poorly on your strangely shaped body.
Your system is resistant to poisons. (rPois)
You cover ground very slowly.
You can spit poison.
You have a snake-like lower body.


Message History

You are too injured to fight recklessly!
You are too injured to fight recklessly!
You are too injured to fight recklessly!
You are too injured to fight recklessly!
You are too injured to fight recklessly!
You are too injured to fight recklessly!
You are too injured to fight recklessly!
You are too injured to fight recklessly!
You are too injured to fight recklessly!
You are too injured to fight recklessly!
You miss the jackal. The jackal closely misses you.
Your bat hits the jackal.
Your rat closely misses the jackal.
The jackal misses you. The jackal bites you.
The jackal bites you but does no damage.
Your rat bites the jackal.
The jackal bites you. x2
The jackal barely misses you.
You barely miss the jackal. You hit the jackal but do no damage.
You barely miss the jackal.
Your bat hits the jackal but does no damage.
The jackal bites you.
The jackal bites you but does no damage.
The jackal bites you.
* * * LOW HITPOINT WARNING * * *
Your rat closely misses the jackal.
The jackal barely misses you.
The jackal bites you but does no damage.
The jackal bites your rat.
Your rat misses the jackal. You hit the jackal.
The jackal is heavily wounded.
You hit the jackal. You slash the jackal!
You kill the jackal!
Your bat hits the jackal but does no damage.
The jackal bites you.
* * * LOW HITPOINT WARNING * * *
The jackal barely misses you.
The jackal bites you but does no damage.
Your rat misses the jackal. The jackal barely misses you. x2
The jackal bites you.
* * * LOW HITPOINT WARNING * * *
Your rat bites the jackal.
The jackal bites you.
You die...

........ .......
#.#...# #.....##
#. .###...... ..
.....#...##.##.
......bhh......
......r@h#
.#.#.##..# #
#.#.##..##.###.
................
.#.#.##..##.###.
#.#.##..##.###.
#..............
#...##...#[###.
#.. #...#.# #


You could see 3 jackals, a friendly bat (summoned) and a friendly rat
(summoned).

Vanquished Creatures
  A jackal (D:1)
  A frilled lizard (D:1)
2 creatures vanquished.

Vanquished Creatures (collateral kills)
  A bat (D:1)
  A rat (D:1)
2 creatures vanquished.

Grand Total: 4 creatures vanquished

Notes
Turn   | Place    | Note
-------+----------+-------------------------------------------
     0 | D:1      | spaghetti the Naga Summoner began the quest for the Orb.
     0 | D:1      | Reached XP level 1. HP: 15/15 MP: 3/3
    85 | D:1      | Slain by a jackal

Illustrated notes

Levels and vault maps discovered:
D:1:      dpeg_arrival_windows_large_door, layout_basic, nicolae_grassy_gnolls

Action                     || total
---------------------------++-------
  Melee: Hand axe          ||     4
         Unarmed           ||     4
   Cast: Summon Small Mamm ||     5
 Armour: Robe              ||    19
  Dodge: Dodged            ||    11
